 Dungeon Crawl Stone Soup version 0.28-a0-1130-gc51a68064b (webtiles) character file.

Game seed: 2406589393660088560

425 ducksouse the Covered (level 6, -5/56 HPs)
             Began as a Minotaur Fighter on Dec 13, 2021.
             Slain by a lorocyproca (36 damage)
             ... on level 1 of the Abyss.
             The game lasted 00:06:53 (3298 turns).

ducksouse the Covered (Minotaur Fighter)            Turns: 3298, Time: 00:06:54

Health: -5/56      AC:  9    Str: 20    XL:     6   Next: 64%
Magic:  0/5        EV: 10    Int:  5    God:
Gold:   25         SH:  5    Dex: 12    Spells: 5/5 levels left

rFire   + + .      SeeInvis .   a - +0 long sword
rCold   x . .      Faith    .   c - +0 buckler
rNeg    . . .      Spirit   .   k - +2 ring mail {rF+}
rPois   .          Reflect  .   (helmet restricted)
rElec   .          Harm     .   (no cloak)
rCorr   .          Rampage  .   l - +0 pair of gloves
Will    .....                   (no boots)
Stlth   +.........              (no amulet)
HPRegen 0.18/turn               i - ring of fire
MPRegen 0.09/turn               (no ring)

@: no status effects
A: horns 2, retaliatory headbutt
a: no special abilities


You were on level 1 of the Abyss.
You visited 1 branch of the dungeon, and saw 3 of its levels.
You visited the Abyss 1 time.

You collected 137 gold pieces.
You spent 112 gold pieces at shops.

Inventory:

Hand Weapons
 a - a +0 long sword (weapon)
Armour
 b - a +0 scale mail
 c - a +0 buckler (worn)
 k - a +2 ring mail of fire resistance (worn)
 l - a +0 pair of gloves (worn)
Jewellery
 i - a ring of fire (left hand)
 p - a +6 ring of intelligence
 t - a ring of positive energy
Wands
 u - a wand of digging (5)
Scrolls
 e - 4 scrolls of teleportation {unknown}
 f - a scroll of noise {unknown}
 g - 2 scrolls of enchant armour {unknown}
 n - a scroll of enchant weapon {unknown}
 q - a scroll of blinking
 s - a scroll of identify {unknown}
Potions
 d - a potion of might
 h - a potion of brilliance {unknown}
 j - 2 potions of haste {unknown}
 m - a potion of curing
 o - 4 potions of heal wounds
 r - a potion of mutation {unknown}


   Skills:
 + Level 5.5 Fighting
 + Level 4.7 Long Blades
 + Level 5.5 Armour
 + Level 5.4 Shields


You had 5 spell levels left.
You didn't know any spells.
Your spell library contained the following spells:

 Spells                   Type           Power      Damage    Failure   Level
 Sting                    Tmut/Pois      0%         1d3       65%         1
 Poisonous Vapours        Pois/Air       0%         N/A       78%         2
 Olgreb's Toxic Radiance  Pois           0%         N/A       100%        4


Dungeon Overview and Level Annotations

Branches:
Dungeon (3/15)

Altars:

Shops:
D:2 !

Portals:
Abyss: D:3

Annotations:
D:3 ducksouse's ghost, weakling HOFi


Innate Abilities, Weirdness & Mutations

You have a pair of horns on your head.
You reflexively headbutt those who attack you in melee.


Message History

r - a lumpy cyan potion The crimson imp enters a dispersal trap!
The kobold blinks!
You blink.
Unknown command.
The kobold hits you but does no damage. Space warps around you.
You hit the kobold but do no damage. Your headbutt misses the kobold.
The kobold closely misses you.
You completely miss the kobold.
The crimson imp enters a dispersal trap!
The kobold blinks!
You blink.
The crimson imp blinks!
The kobold hits you but does no damage.
You are cast into the Abyss!
This branch contains the abyssal rune of Zot.
Found a scroll labelled HASYZE JERAE.
Found a small opal ring.
Found a hunting sling.
s - a scroll labelled HASYZE JERAE
Found a scythe.
t - a ring of positive energy
Found a metallic inky potion.
Found a blackened gold wand.
j - 2 metallic inky potions (gained 1)
You hear a chilling moan.
Found a scroll labelled XEPTUMARIK.
u - a wand of digging (5)
Found a gateway leading deeper into the Abyss.
Found a scroll labelled KECVOG CEDGHUU.
Found a book of Cantrips.
g - 2 scrolls labelled XEPTUMARIK (gained 1)
Found a gateway leading deeper into the Abyss.
There is a gateway leading deeper into the Abyss here.
You block something's attack.
Deactivating autopickup; reactivate with Ctrl-A.
You miss something. Something hits you!!
You feel your power leaking away.
You completely miss something. Your headbutt misses something.
Something hits you but does no damage. You block something's attack.
You closely miss something. Something hits you!!!
Ouch! That really hurt!
You die...

># #.. ..#..#.... ..#
.# .#....##..#. .##.
.#..# #.# ...# ...#
...
.....####.##.....###.
....
....#...#.#.#..#.##.##
.#.
.#....#......#..### .#
.......>...### ... ..
..###....{..# .#.....
##...@#...# #. ..
#...##.#.#?#.# #.#.
#.:......###### .
......#.. ..#...##.#
##.. ## .##


There were no monsters in sight!

Vanquished Creatures
  Grinder (D:3)
  A small abomination (D:3)
  An orc priest (D:3)
  3 adders
  A shadow imp (D:3)
  2 dart slugs
  4 orcs (D:3)
  5 ball pythons
  6 endoplasms
  15 giant cockroaches
  7 goblins
  10 hobgoblins
  2 quokkas
  4 bats
  A frilled lizard (D:2)
  5 kobolds
  2 rats
70 creatures vanquished.

Notes
Turn   | Place    | Note
-------+----------+-------------------------------------------
     0 | D:1      | ducksouse the Minotaur Fighter began the quest for the Orb.
     0 | D:1      | Reached XP level 1. HP: 19/19 MP: 0/0
   303 | D:1      | Reached XP level 2. HP: 23/27 MP: 1/1
  1300 | D:2      | Reached XP level 3. HP: 30/33 MP: 2/2
  1329 | D:2      | Found Laxkosin's Distillery.
  1337 | D:2      | Bought a potion of curing for 42 gold pieces
  1812 | D:2      | Reached XP level 4. HP: 40/40 MP: 3/3
  2223 | D:3      | Noticed Grinder
  2237 | D:3      | Killed Grinder
  2238 | D:3      | Reached skill level 5 in Fighting
  2238 | D:3      | Reached skill level 5 in Armour
  2238 | D:3      | Reached skill level 5 in Shields
  2238 | D:3      | Reached XP level 5. HP: 25/48 MP: 4/4
  2238 | D:3      | Reached XP level 6. HP: 29/56 MP: 5/5
  2412 | D:3      | Found a transporter.
  2412 | D:3      | Found a one-way gate to the infinite horrors of the Abyss.
  2412 | D:3      | Noticed ducksouse's ghost (weakling HOFi)
  2418 | D:3      | Found a transporter.
  3065 | D:2      | Bought a potion of heal wounds for 70 gold pieces
  3233 | D:3      | Cast into level 1 of the Abyss (kobold)
  3298 | Abyss:1  | Slain by a lorocyproca

Illustrated notes

Levels and vault maps discovered:
D:1:      dpeg_arrival_simpleton_b, layout_loops_corners, hangedman_glass_teeth
D:2:      minmay_roachtagon, layout_basic, serial_shops, shop
D:3:      layout_loops_ring, gammafunk_ghost_abyssal_escape, grunt_ministairs_9,
          chequers_arboretum, kennysheep_potato, uniq_grinder
Abyss:1:  base:
Temple

Skill      XL: |  1  2  3  4 |
---------------+-------------+-----
Fighting       | 4 5 |  5.5
Armour         | 4 5 |  5.5
Shields        | 4 5 |  5.4
Long Blades    | 3 4 |  4.7

Action                   |  1- 3 |  4- 6 || total
-------------------------+-------+-------++-------
Melee: Long sword        |    67 |    84 ||   151
       Headbutt          |    14 |    13 ||    27
Armor: Scale mail        |     8 |       ||     8
       Ring mail         |    17 |    32 ||    49
Dodge: Dodged            |    31 |    24 ||    55
Block: Buckler           |    18 |    22 ||    40

Table legend: (Time is in decaauts)
 A = Elapsed time spent in this place.
 B = Non-inter-level travel time spent in this place.
 C = Inter-level travel time spent in this place.
 D = Time resting spent in this place.
 E = Time spent auto-exploring this place.
 F = Levels seen in this place.
 G = Mean time per level.
                   A        B        C        D        E       F      G
               +--------+--------+--------+--------+--------+-----+--------+
         Total |   3331 |   2939 |    392 |    131 |   2082 |   4 |  832.8 |
       Dungeon |   3266 |   2874 |    392 |    131 |   2082 |   3 | 1088.7 |
         Abyss |     65 |     65 |      0 |      0 |      0 |   1 |   65.0 |
               +--------+--------+--------+--------+--------+-----+--------+

Top non-repeatable levels by time:
     D:3: 1244 daAuts
     D:1: 1239 daAuts
     D:2: 783 daAuts
 Abyss:1: 65 daAuts
